 Dungeon Crawl Stone Soup version 0.31-a0-232-gb1c03b2570 (webtiles) character file.

Game seed: 6521465791954046952

330 qw the Shooter (level 6, 0/52 HPs)
             Began as a Minotaur Hexslinger on July 7, 2023.
             Slain by an endoplasm (3 damage)
             ... on level 3 of the Dungeon.
             The game lasted 00:01:00 (2171 turns).

qw the Shooter (Minotaur Hexslinger)                Turns: 2171, Time: 00:01:00

Health: 0/52       AC:  5    Str: 12    XL:     6   Next: 26%
Magic:  6/6        EV: 12    Int: 10    God:
Gold:   98         SH:  0    Dex: 21    Spells: 6/7 levels left

rFire   . . .        Y - +1 sling
rCold   . . .        (no shield)
rNeg    . . .        m - +2 leather armour {rPois}
rPois   +            (helmet restricted)
rElec   .            (no cloak)
rCorr   .            (no gloves)
SInv    +            (no boots)
Will    .....        (no amulet)
Stlth   ++           g - ring of see invisible
HPRegen 0.28/turn    j - +6 ring of dexterity
MPRegen 0.10/turn

%: no passive effects
@: no status effects
A: horns 2, retaliatory headbutt
a: no special abilities


You were on level 3 of the Dungeon.
You visited 1 branch of the dungeon, and saw 4 of its levels.

You collected 98 gold pieces.


Innate Abilities, Weirdness & Mutations

You have a pair of horns on your head.
You reflexively headbutt those who attack you in melee.


   Skills:
 - Level 4.0 Fighting
 - Level 6.3 Ranged Weapons
 + Level 2.3 Dodging
 - Level 1.0 Spellcasting
 - Level 2.0 Hexes


You had 6 spell levels left.
You knew the following spells:

 Your Spells              Type           Power      Damage    Failure   Level
a - Slow                  Hex            16%        N/A       19%         1

Your spell library contained the following spells:

 Spells                   Type           Power      Damage    Failure   Level
 Inner Flame              Hex/Fire       2%         N/A       65%         3
 Portal Projectile        Hex/Tloc       4%         N/A       65%         3
 Cause Fear               Hex            2%         N/A       88%         4

Inventory:

Hand Weapons
 Y - a +1 sling (weapon)
Armour
 m - a +2 leather armour of poison resistance (worn)
Jewellery
 g - a ring of see invisible (left hand)
 j - a +6 ring of dexterity (right hand)
 k - a ring of fire
Scrolls
 b - a scroll of identify
Potions
 a - a potion of haste {unknown}
 d - a potion of cancellation {unknown}
 f - a potion of attraction {unknown}
 i - 3 potions of curing

Dungeon Overview and Level Annotations

Branches:
Dungeon (4/15)
 Temple: D:4-7

Altars:

Shops:
D:1 =

Annotations:
D:2 1 runed translucent door, Crazy Yiuf
D:3 Grinder


Message History

Enter note: You shoot a sling bullet.
The sling bullet barely misses the adder.
The goblin shouts!
You hear an angry hiss.
The adder closely misses you.
The goblin unwields a +0 dagger.
The goblin wields a +3 sling of flaming.
It bursts into flame!
The goblin shoots a sling bullet.
The sling bullet barely misses you.
You shoot a sling bullet.
The sling bullet hits the adder but does no damage.
The adder bites you. The adder closely misses you.
The goblin shoots a sling bullet.
The sling bullet hits you but does no damage.
You shoot a sling bullet. The sling bullet misses the adder.
The adder bites you but does no damage.
An endoplasm comes into view.
You shoot a sling bullet.
The sling bullet hits the adder but does no damage.
The adder bites you but does no damage.
A frilled lizard comes into view.
The endoplasm hits you but does no damage.
The adder closely misses you.
You shoot a sling bullet. The frilled lizard hisses angrily.
The sling bullet hits the adder but does no damage.
The endoplasm barely misses you. The adder bites you but does no damage.
You shoot a sling bullet.
The sling bullet closely misses the adder.
The adder bites you but does no damage. The endoplasm completely misses you.
The adder closely misses you. The endoplasm freezes you.
You are frozen.
You shoot a sling bullet.
The sling bullet closely misses the adder.
The goblin shoots a sling bullet.
The sling bullet hits you. The sling bullet burns you. The adder bites you.
A hobgoblin comes into view. It is wielding a +0 short sword.
The endoplasm hits you.
You die...

..... #.##.# ..... #.##.#
...... .....# g..... #.##.#
....l.# #.##.# .## .......
#.##.# ....
#....gJ#######.##.# ...
.......@.........># #<.
######S#######.##.# #..## #.
#.##.# #..%.## #. #.##.#
####.#5w######.#######.##.####
........%....................#
#######.########.#####.#.###.#
#.########.#####...###.#
#.....#................#


You could see an adder, an endoplasm, a hobgoblin (wandering), a goblin and a
frilled lizard.

Vanquished Creatures
  Sigmund (D:2)
  2 orc wizards (D:3)
  3 adders
  An ufetubus (D:4)
  A dart slug (D:1)
  12 orcs
  3 endoplasms
  2 giant cockroaches (D:1)
  5 goblins
  5 hobgoblins
  8 jackals
  A quokka (D:3)
  4 ball pythons
  4 bats
  2 frilled lizards
  4 kobolds
  5 rats
63 creatures vanquished.

Notes
Turn   | Place    | Note
-------+----------+-------------------------------------------
     0 | D:1      | qw the Minotaur Hexslinger began the quest for the Orb.
     0 | D:1      | Reached XP level 1. HP: 16/16 MP: 1/1
     0 | D:1      | 0 ||| qw: Version: 0.3-a-46-gb1f654a
     0 | D:1      | 0 ||| qw: Game counter: 2603
     0 | D:1      | 0 ||| qw: Melee chars always use a shield: true
     0 | D:1      | 0 ||| qw: God list: Okawaru
     0 | D:1      | 0 ||| qw: Allow faded altars: false
     0 | D:1      | 0 ||| qw: Do Orc after clearing Dungeon:15 true
     0 | D:1      | 0 ||| qw: Do second Lair branch before Depths: true
     0 | D:1      | 0 ||| qw: Lair rune preference: random
     0 | D:1      | 0 ||| qw: Goals: Normal
     0 | D:1      | 0 ||| PLANNING D:1-11
   215 | D:1      | Reached skill level 3 in Ranged Weapons
   215 | D:1      | Reached XP level 2. HP: 23/23 MP: 2/2
   354 | D:1      | Found Qideusor's Jewellery Shoppe.
   364 | D:1      | 364 ||| SHOPLISTING +5 ring of evasion (468 gold, have 16).
   364 | D:1      | 364 ||| SHOPLISTING +6 ring of strength (468 gold, have
                  | 16).
   364 | D:1      | 364 ||| SHOPLISTING amulet of the acrobat (390 gold, have
                  | 16).
   364 | D:1      | 364 ||| SHOPLISTING ring of poison resistance (260 gold,
                  | have 16).
   364 | D:1      | 364 ||| SHOPLISTING ring of protection from cold (325 gold,
                  | have 16).
   549 | D:1      | 549 ||| UPGRADING to ring of see invisible.
   550 | D:1      | 550 ||| READING scroll labelled FUKUSU GIAMECH.
   596 | D:1      | 596 ||| READING scroll labelled COB BOGIMANN.
   597 | D:1      | 597 ||| READING scroll labelled RUPAOM RATONK.
   601 | D:1      | 601 ||| DRINKING 2 pink potions.
   602 | D:1      | 602 ||| DROPPING scroll of poison.
   637 | D:2      | Found a runed translucent door.
   638 | D:2      | Noticed Crazy Yiuf
   758 | D:2      | Reached XP level 3. HP: 20/29 MP: 3/3
   894 | D:2      | Reached skill level 4 in Ranged Weapons
   900 | D:2      | Noticed Sigmund
   906 | D:2      | 906 ||| READING scroll labelled XULETTEE DIUK.
   908 | D:2      | HP: 3/29 [Sigmund/+0 scythe (10)]
   909 | D:2      | 909 ||| READING scroll of teleportation.
  1069 | D:2      | Killed Sigmund
  1070 | D:2      | Reached skill level 6 in Ranged Weapons
  1070 | D:2      | Reached XP level 4. HP: 36/36 MP: 4/4
  1070 | D:2      | Reached XP level 5. HP: 41/41 MP: 5/5
  1330 | D:2      | You fall into a shaft and drop 2 floors!
  1731 | D:4      | Reached skill level 3 in Fighting
  1899 | D:4      | 1899 ||| UPGRADING to +0 leather armour.
  1909 | D:4      | 1909 ||| DROPPING +0 robe.
  1910 | D:4      | 1910 ||| UPGRADING to +0 ring mail.
  1920 | D:4      | 1920 ||| DROPPING +0 leather armour.
  1921 | D:4      | 1921 ||| UPGRADING to +2 leather armour of poison
                  | resistance.
  1931 | D:4      | 1931 ||| DROPPING +0 ring mail.
  1932 | D:4      | 1932 ||| UPGRADING to +6 ring of dexterity.
  1933 | D:4      | 1933 ||| READING 2 scrolls labelled DUMMOCK ALEYRPH.
  1934 | D:4      | 1934 ||| READING scroll labelled ASUAZY GASTAOPP.
  1981 | D:3      | Reached XP level 6. HP: 51/51 MP: 6/6
  2142 | D:3      | Noticed Grinder
  2150 | D:3      | Paralysed by Grinder for 2 turns
  2155 | D:3      | Paralysed by Grinder for 3 turns
  2161 | D:3      | HP: 13/52 [jackal (1)]
  2162 | D:3      | 2162 ||| READING scroll of teleportation.
  2163 | D:3      | Paralysed by Grinder for 2 turns
  2166 | D:3      | HP: 12/52 [adder (3)]
  2171 | D:3      | HP: 6/52 [goblin/sling bullet (3)]
  2171 | D:3      | Slain by an endoplasm

Levels and vault maps discovered:
D:1:      shiori_shiawase, layout_loops_ring, serial_shops,
          nicolae_shop_gaudy_bauble
D:2:      layout_basic, nicolae_hexahallways, minmay_hexomino_u4,
          uniq_crazy_yiuf_cottage, uniq_sigmund
D:3:      layout_basic, tso_altar, grunt_temple_overflow_order_and_chaos_1,
          ebering_ecumenical_altar_rust, reono_crystal_passage, uniq_grinder
D:4:      layout_basic, nicolae_qazlal_scattered_showers,
          minmay_temple_entry_antechambers

Skill      XL: |  1  2  3  4  5  6 |
---------------+-------------------+-----
Ranged Weapons | 3 6 |  6.3
Fighting       | 2 3 4 |  4.0
Dodging        | |  2.3
Spellcasting   | |  1.0
Hexes          | |  2.0

Action                     |  1- 3 |  4- 6 || total
---------------------------+-------+-------++-------
   Fire: Sling             |    75 |   139 ||   214
    Use: Scroll            |     5 |     3 ||     8
         Potion            |     1 |       ||     1
 Armour: Leather armour    |       |    28 ||    28
         Robe              |       |     2 ||     2
  Dodge: Dodged            |    24 |    73 ||    97

Table legend:
 A = Non-vault XP
 B = Vault XP
 C = Vault XP percentage of total XP
 D = Non-vault monster count
 E = Vault monster count
 F = Vault count percentage of total count
                 A         B        C        D         E       F
            +---------+---------+-------+---------+---------+-------
      Total |     221 |     251 |  53.2 |      58 |       5 |   7.9
            +---------+---------+-------+---------+---------+-------
        D:1 |      33 |       0 |   0.0 |      20 |       0 |   0.0
        D:2 |      36 |     251 |  87.5 |       8 |       5 |  38.5
        D:3 |     112 |       0 |   0.0 |      17 |       0 |   0.0
        D:4 |      40 |       0 |   0.0 |      13 |       0 |   0.0
            +---------+---------+-------+---------+---------+-------
